[ PARTIDA AOE2 · #494389360 ]
UnrankedIncas vs Malians
Equipo del jugador · VICT
Equipo rival · DERR
[ ANÁLISIS DE REPETICIÓN · EXTRAÍDO DE LA PARTIDA GRABADA ]
Feudal
10:19
Castillos
29:51
Imperial
—
| APM promedio | 26.6 |
| APM pico | 70 |
| eAPM promedio | 15.2 |
| Aldeanos / militares | 110 / 33 |
Foco
⚔️ 28.2% · 🌾 71.8%
Unknown (2550) ×28 · Battering Ram ×13 · Petard ×10 · Kamayuk ×9 · Monk ×1
Feudal
9:32
Castillos
36:33
Imperial
—
| APM promedio | 53.3 |
| APM pico | 117 |
| eAPM promedio | 23.8 |
| Aldeanos / militares | 99 / 99 |
Foco
⚔️ 24.7% · 🌾 75.3%
Militia ×99
Mapa de la partida
Recursos iniciales + cada clic de construcción. Líneas = muros · curvas = relieve. ◆ oro · ⬟ piedra · ● bayas · ✦ reliquia · ◌ hueco del cierre
Tu base· Abierta — flanco sin cerrar
Base de Chuleitor2000· Abierta — hueco de 4t
Terreno inicial suavizado · ◌ = hueco del cierre detectado · pasá el cursor para detalles
Inputs por minuto
— PositivePessimist - - Chuleitor2000
Build order — PositivePessimist
Primeras 150 de 244 acciones detectadas
| 0:00 | Crear | Villager (Male) ×4 |
| 0:02 | Construir | House |
| 1:42 | Crear | Villager (Male) |
| 2:28 | Construir | Settlement |
| 2:31 | Crear | Villager (Male) |
| 2:31 | Crear | Villager (Male) |
| 2:55 | Crear | Villager (Male) |
| 3:35 | Crear | Villager (Male) |
| 3:49 | Crear | Villager (Male) |
| 3:50 | Crear | Villager (Male) |
| 5:01 | Crear | Villager (Male) |
| 5:47 | Crear | Villager (Male) |
| 5:49 | Crear | Villager (Male) |
| 5:50 | Crear | Villager (Male) |
| 5:51 | Crear | Villager (Male) |
| 5:58 | Construir | Palisade Gate |
| 6:36 | Construir | Barracks |
| 6:37 | Construir | House |
| 7:27 | Investigar | Loom |
| 7:57 | Construir | Palisade Wall |
| 7:59 | Construir | Palisade Wall |
| 8:07 | Crear | Villager (Male) |
| 8:08 | Investigar | Feudal Age |
| 8:10 | Crear | Villager (Male) |
| 8:30 | Crear | Unit 2550 |
| 8:50 | Construir | Settlement |
| 9:13 | Crear | Unit 2550 |
| 9:14 | Crear | Unit 2550 |
| 9:21 | Construir | Barracks |
| 9:23 | Construir | House |
| 9:25 | Construir | Palisade Wall |
| 10:12 | Construir | Farm |
| 10:16 | Crear | Unit 2550 ×3 |
| 10:19 | Edad | Edad Feudal |
| 10:35 | Investigar | Tech 1402 |
| 11:07 | Crear | Villager (Male) |
| 11:08 | Crear | Villager (Male) |
| 11:54 | Crear | Villager (Male) |
| 12:01 | Construir | Farm |
| 12:02 | Construir | Farm |
| 12:10 | Construir | Settlement |
| 12:25 | Crear | Villager (Male) |
| 12:25 | Crear | Villager (Male) |
| 13:02 | Crear | Villager (Male) |
| 13:32 | Crear | Villager (Male) |
| 13:32 | Crear | Villager (Male) |
| 13:42 | Construir | Farm |
| 13:43 | Construir | Farm |
| 13:48 | Construir | Farm |
| 14:18 | Construir | Farm |
| 14:27 | Crear | Villager (Male) |
| 14:37 | Construir | Market |
| 15:11 | Crear | Villager (Male) |
| 15:11 | Crear | Villager (Male) |
| 15:16 | Construir | Palisade Wall |
| 15:19 | Construir | Palisade Wall |
| 15:57 | Crear | Unit 2550 ×5 |
| 15:59 | Crear | Villager (Male) |
| 16:32 | Construir | Palisade Wall |
| 16:45 | Construir | Watch Tower |
| 16:51 | Construir | Settlement |
| 17:00 | Crear | Villager (Male) |
| 17:00 | Crear | Villager (Male) |
| 17:05 | Construir | House |
| 17:08 | Construir | House |
| 17:10 | Construir | Farm |
| 17:21 | Construir | Palisade Wall |
| 17:44 | Crear | Unit 2550 ×4 |
| 17:45 | Crear | Villager (Male) |
| 17:46 | Crear | Villager (Male) |
| 18:51 | Crear | Villager (Male) |
| 18:52 | Crear | Villager (Male) |
| 19:00 | Construir | Palisade Gate |
| 19:11 | Construir | House |
| 19:12 | Construir | House |
| 19:13 | Construir | House |
| 19:19 | Crear | Villager (Male) |
| 19:34 | Construir | Farm |
| 20:08 | Crear | Villager (Male) |
| 20:08 | Crear | Villager (Male) |
| 20:10 | Crear | Unit 2550 ×4 |
| 20:14 | Construir | Farm |
| 20:18 | Construir | Farm |
| 20:25 | Construir | Watch Tower |
| 20:42 | Construir | Farm |
| 20:54 | Crear | Villager (Male) |
| 21:06 | Construir | House |
| 21:08 | Construir | House |
| 21:12 | Construir | Palisade Wall |
| 21:48 | Crear | Villager (Male) |
| 21:49 | Crear | Villager (Male) |
| 21:50 | Construir | Farm |
| 22:14 | Crear | Unit 2550 ×5 |
| 22:33 | Construir | Watch Tower |
| 22:38 | Crear | Villager (Male) |
| 23:02 | Construir | Watch Tower |
| 23:05 | Construir | Palisade Wall |
| 23:06 | Construir | Palisade Wall |
| 23:07 | Construir | Palisade Wall |
| 23:13 | Crear | Villager (Male) |
| 23:13 | Crear | Villager (Male) |
| 23:58 | Construir | Blacksmith |
| 23:59 | Construir | House |
| 24:02 | Construir | Palisade Wall |
| 24:12 | Construir | Watch Tower |
| 24:20 | Crear | Villager (Male) |
| 24:20 | Crear | Villager (Male) |
| 24:25 | Construir | Farm |
| 24:44 | Investigar | Double-Bit Axe |
| 24:56 | Construir | Watch Tower |
| 25:01 | Crear | Villager (Male) |
| 25:09 | Construir | Farm |
| 25:13 | Construir | Farm |
| 25:20 | Crear | Villager (Male) |
| 25:29 | Construir | Farm |
| 25:29 | Construir | Farm |
| 25:29 | Construir | Farm |
| 25:29 | Construir | Farm |
| 25:40 | Construir | Settlement |
| 25:54 | Construir | Watch Tower |
| 26:00 | Crear | Villager (Male) |
| 26:09 | Construir | House |
| 26:18 | Construir | House |
| 26:27 | Crear | Villager (Male) |
| 26:45 | Construir | Watch Tower |
| 26:48 | Construir | Farm |
| 26:56 | Construir | Farm |
| 26:57 | Construir | Farm |
| 27:07 | Construir | Farm |
| 27:11 | Investigar | Castle Age |
| 27:22 | Construir | Watch Tower |
| 27:36 | Investigar | Fletching |
| 27:46 | Construir | Farm |
| 27:56 | Construir | Settlement |
| 28:01 | Crear | Villager (Male) |
| 28:02 | Crear | Villager (Male) |
| 28:12 | Investigar | Forging |
| 28:38 | Crear | Villager (Male) ×4 |
| 28:54 | Construir | Stone Wall |
| 28:55 | Construir | Stone Wall |
| 28:55 | Construir | Stone Wall |
| 28:56 | Construir | Stone Wall |
| 28:57 | Construir | Stone Wall |
| 29:28 | Construir | Watch Tower |
| 29:51 | Edad | Edad de los Castillos |
| 30:00 | Investigar | Iron Casting |
| 30:58 | Construir | Settlement |
| 31:16 | Construir | Watch Tower |
| 31:25 | Construir | Castle |
| 32:25 | Crear | Villager (Male) |
Build order — Chuleitor2000
Primeras 150 de 308 acciones detectadas
| 0:00 | Crear | Villager (Male) |
| 0:01 | Crear | Villager (Male) |
| 0:01 | Crear | Villager (Male) |
| 0:03 | Construir | House |
| 0:05 | Construir | House |
| 0:47 | Crear | Villager (Male) |
| 0:48 | Crear | Villager (Male) |
| 1:23 | Crear | Villager (Male) |
| 1:23 | Crear | Villager (Male) |
| 1:24 | Crear | Villager (Male) |
| 1:57 | Crear | Villager (Male) |
| 1:58 | Crear | Villager (Male) |
| 1:58 | Crear | Villager (Male) |
| 1:58 | Crear | Villager (Male) |
| 2:12 | Crear | Villager (Male) |
| 2:12 | Crear | Villager (Male) |
| 2:12 | Crear | Villager (Male) |
| 2:13 | Crear | Villager (Male) |
| 2:18 | Construir | Lumber Camp |
| 2:43 | Crear | Villager (Male) |
| 2:43 | Crear | Villager (Male) |
| 2:44 | Crear | Villager (Male) |
| 2:52 | Crear | Villager (Male) |
| 2:52 | Crear | Villager (Male) |
| 3:09 | Construir | House |
| 3:11 | Construir | House |
| 3:30 | Crear | Villager (Male) |
| 3:31 | Crear | Villager (Male) |
| 3:31 | Crear | Villager (Male) |
| 3:33 | Crear | Villager (Male) |
| 3:34 | Crear | Villager (Male) |
| 3:34 | Crear | Villager (Male) |
| 4:15 | Crear | Villager (Male) |
| 4:15 | Crear | Villager (Male) |
| 4:15 | Crear | Villager (Male) |
| 4:15 | Crear | Villager (Male) |
| 5:01 | Crear | Villager (Male) |
| 5:01 | Crear | Villager (Male) |
| 5:01 | Crear | Villager (Male) |
| 5:01 | Crear | Villager (Male) |
| 5:01 | Crear | Villager (Male) |
| 5:28 | Construir | Barracks |
| 5:34 | Crear | Villager (Male) |
| 5:34 | Crear | Villager (Male) |
| 5:35 | Crear | Villager (Male) |
| 6:46 | Construir | House |
| 6:50 | Investigar | Loom |
| 7:22 | Investigar | Feudal Age |
| 7:51 | Crear | Militia |
| 7:51 | Crear | Militia |
| 7:51 | Crear | Militia |
| 8:15 | Crear | Militia |
| 8:15 | Crear | Militia |
| 8:15 | Crear | Militia |
| 8:15 | Crear | Militia |
| 8:37 | Crear | Militia |
| 8:38 | Crear | Militia |
| 8:59 | Construir | Mill |
| 9:32 | Edad | Edad Feudal |
| 9:44 | Construir | Watch Tower |
| 9:50 | Investigar | Man-at-Arms (upgrade) |
| 9:50 | Investigar | Man-at-Arms (upgrade) |
| 10:15 | Construir | Blacksmith |
| 10:17 | Construir | Palisade Wall |
| 10:19 | Crear | Villager (Male) |
| 10:19 | Crear | Villager (Male) |
| 10:19 | Crear | Villager (Male) |
| 11:03 | Crear | Villager (Male) |
| 11:04 | Crear | Villager (Male) |
| 11:04 | Crear | Villager (Male) |
| 11:04 | Crear | Villager (Male) |
| 11:17 | Construir | Palisade Wall |
| 11:23 | Construir | Palisade Wall |
| 11:44 | Construir | Stone Wall |
| 11:45 | Construir | Stone Wall |
| 11:46 | Construir | Stone Wall |
| 11:46 | Construir | Stone Wall |
| 11:47 | Construir | Stone Wall |
| 11:48 | Construir | Stone Wall |
| 11:49 | Construir | Stone Wall |
| 11:50 | Construir | Stone Wall |
| 12:09 | Crear | Militia |
| 12:09 | Crear | Militia |
| 12:29 | Crear | Villager (Male) |
| 12:50 | Construir | Farm |
| 12:55 | Crear | Villager (Male) |
| 13:00 | Crear | Militia |
| 13:01 | Crear | Militia |
| 13:01 | Crear | Militia |
| 13:05 | Construir | House |
| 13:33 | Crear | Villager (Male) |
| 13:33 | Crear | Villager (Male) |
| 13:57 | Construir | Farm |
| 13:58 | Construir | Farm |
| 13:59 | Construir | Farm |
| 14:17 | Crear | Villager (Male) |
| 14:18 | Crear | Militia |
| 14:19 | Crear | Militia |
| 14:19 | Crear | Militia |
| 14:29 | Construir | House |
| 14:46 | Construir | Farm |
| 15:00 | Crear | Militia |
| 15:00 | Crear | Militia |
| 15:00 | Crear | Militia |
| 15:14 | Construir | Farm |
| 15:27 | Construir | Farm |
| 15:33 | Crear | Villager (Male) |
| 15:33 | Crear | Villager (Male) |
| 15:37 | Construir | House |
| 15:43 | Construir | Farm |
| 16:03 | Construir | Farm |
| 16:12 | Construir | Farm |
| 16:16 | Crear | Villager (Male) |
| 16:16 | Crear | Villager (Male) |
| 16:16 | Crear | Villager (Male) |
| 16:33 | Crear | Villager (Male) |
| 16:33 | Crear | Villager (Male) |
| 16:33 | Crear | Villager (Male) |
| 16:39 | Construir | Blacksmith |
| 16:51 | Crear | Villager (Male) |
| 16:52 | Crear | Villager (Male) |
| 17:04 | Construir | Farm |
| 17:05 | Construir | Farm |
| 17:22 | Construir | House |
| 17:24 | Crear | Villager (Male) |
| 17:37 | Crear | Villager (Male) |
| 17:37 | Crear | Villager (Male) |
| 17:50 | Crear | Villager (Male) |
| 17:50 | Crear | Villager (Male) |
| 17:58 | Construir | Mining Camp |
| 18:05 | Construir | Farm |
| 18:06 | Crear | Militia |
| 18:07 | Crear | Militia |
| 18:07 | Crear | Militia |
| 18:31 | Construir | Farm |
| 18:32 | Construir | Farm |
| 18:34 | Construir | Farm |
| 18:45 | Investigar | Forging |
| 18:56 | Construir | Farm |
| 19:16 | Investigar | Arson |
| 19:17 | Crear | Militia |
| 19:18 | Crear | Militia |
| 19:18 | Crear | Militia |
| 19:24 | Construir | Farm |
| 19:42 | Construir | Palisade Wall |
| 19:54 | Crear | Militia |
| 19:55 | Crear | Militia |
| 20:05 | Construir | House |
| 20:12 | Construir | Farm |
| 20:13 | Crear | Militia |
Cronología de la partida
| 5:28 | Chuleitor2000 · first_building Barracks |
| 6:36 | PositivePessimist · first_building Barracks |
| 7:57 | PositivePessimist · wall_segment Palisade Wall x1 |
| 7:59 | PositivePessimist · wall_segment Palisade Wall x8 |
| 9:25 | PositivePessimist · wall_segment Palisade Wall x4 |
| 9:32 | Chuleitor2000 · age_up feudal |
| 10:17 | Chuleitor2000 · wall_segment Palisade Wall x1 |
| 10:19 | PositivePessimist · age_up feudal |
| 11:17 | Chuleitor2000 · wall_segment Palisade Wall x7 |
| 11:23 | Chuleitor2000 · wall_segment Palisade Wall x10 |
| 11:44 | Chuleitor2000 · wall_segment Stone Wall x1 |
| 11:45 | Chuleitor2000 · wall_segment Stone Wall x1 |
| 11:46 | Chuleitor2000 · wall_segment Stone Wall x1 |
| 11:46 | Chuleitor2000 · wall_segment Stone Wall x1 |
| 11:47 | Chuleitor2000 · wall_segment Stone Wall x1 |
| 11:48 | Chuleitor2000 · wall_segment Stone Wall x1 |
| 11:49 | Chuleitor2000 · wall_segment Stone Wall x1 |
| 11:50 | Chuleitor2000 · wall_segment Stone Wall x1 |
| 15:16 | PositivePessimist · wall_segment Palisade Wall x8 |
| 15:19 | PositivePessimist · wall_segment Palisade Wall x7 |
| 15:56 | PositivePessimist · first_market_sell 100 stone |
| 16:32 | PositivePessimist · wall_segment Palisade Wall x1 |
| 17:21 | PositivePessimist · wall_segment Palisade Wall x5 |
| 19:42 | Chuleitor2000 · wall_segment Palisade Wall x1 |
| 21:12 | PositivePessimist · wall_segment Palisade Wall x1 |
| 22:22 | Chuleitor2000 · first_market_sell 100 food |
| 22:23 | Chuleitor2000 · first_market_buy 100 stone |
| 23:05 | PositivePessimist · wall_segment Palisade Wall x1 |
| 23:06 | PositivePessimist · wall_segment Palisade Wall x1 |
| 23:07 | PositivePessimist · wall_segment Palisade Wall x1 |
| 24:02 | PositivePessimist · wall_segment Palisade Wall x5 |
| 25:23 | PositivePessimist · first_market_buy 100 food |
| 28:54 | PositivePessimist · wall_segment Stone Wall x1 |
| 28:55 | PositivePessimist · wall_segment Stone Wall x1 |
| 28:55 | PositivePessimist · wall_segment Stone Wall x1 |
| 28:56 | PositivePessimist · wall_segment Stone Wall x1 |
| 28:57 | PositivePessimist · wall_segment Stone Wall x1 |
| 29:51 | PositivePessimist · age_up castle |
| 31:25 | PositivePessimist · first_building Castle |
| 35:15 | PositivePessimist · wall_segment Stone Wall x6 |
| 36:33 | Chuleitor2000 · age_up castle |
| 36:42 | Chuleitor2000 · first_building Castle |
| 37:53 | Chuleitor2000 · wall_segment Palisade Wall x1 |
| 38:19 | Chuleitor2000 · wall_segment Palisade Wall x1 |
| 38:21 | PositivePessimist · first_building Siege Workshop |
| 38:21 | Chuleitor2000 · wall_segment Palisade Wall x1 |
| 38:48 | PositivePessimist · first_building Monastery |
| 42:07 | PositivePessimist · wall_segment Palisade Wall x3 |
| 44:47 | PositivePessimist · first_building Archery Range |
| 45:38 | Chuleitor2000 · resign |
[ ANÁLISIS IA · 1 CRÉDITO ]
¿Qué pasó realmente en esta partida?
Wolo.gg analiza cada decisión: build order, eco, micro, errores típicos por bracket. Análisis personalizado por WhatsApp o Discord en 30 segundos.
Guía civ
Incas
Perfil
PositivePessimist